 Dungeon Crawl Stone Soup version 0.27.1-33-g824d729ab1 (webtiles) character file.

Game seed: 2090714404346795237

81 zeram the Covered (level 4, -2/29 HPs)
             Began as a Gargoyle Fighter on Dec 14, 2021.
             Slain by a gnoll (7 damage)
             ... on level 2 of the Dungeon.
             The game lasted 00:01:48 (1446 turns).

zeram the Covered (Gargoyle Fighter)                Turns: 1446, Time: 00:01:49

Health: -2/29      AC: 11    Str: 20    XL:     4   Next: 40%
Magic:  4/4        EV:  7    Int:  9    God:
Gold:   129        SH:  9    Dex:  9    Spells: 3/3 levels left

rFire    . . .     SeeInvis .   j - +0 club (spect)
rCold    . . .     Faith    .   c - +0 kite shield
rNeg     + . .     Spirit   .   b - +0 scale mail
rPois    ∞         Reflect  .   k - +0 helmet
rElec    +         Harm     .   (no cloak)
rCorr    .         Rampage  .   (no gloves)
Will     .....                  (no boots)
Stlth    ..........             (no amulet)
HPRegen  0.09/turn              (no ring)
MPRegen  0.09/turn              (no ring)

@: no status effects
A: sickness immunity, AC +3, negative energy resistance 1, electricity
resistance, torment resistance 1, petrification resistance
a: no special abilities


You were on level 2 of the Dungeon.
You visited 1 branch of the dungeon, and saw 2 of its levels.

You collected 129 gold pieces.

Inventory:

Hand Weapons
 a - a +0 flail
 j - a +0 spectral club (weapon)
Armour
 b - a +0 scale mail (worn)
 c - a +0 kite shield (worn)
 k - a +0 helmet (worn)
Scrolls
 e - a scroll of torment {unknown}
 f - a scroll of identify {unknown}
 g - 2 scrolls of noise {unknown}
 h - a scroll of teleportation {unknown}
 i - a scroll of vulnerability {unknown}
Potions
 d - a potion of might


   Skills:
 + Level 3.7 Fighting
 + Level 2.8 Maces & Flails
 + Level 4.1 Armour
 + Level 0.7 Dodging
 + Level 3.8 Shields


You had 3 spell levels left.
You didn't know any spells.
Your spell library contained the following spells:

 Spells                   Type           Power      Damage    Failure   Level
 Slow                     Hex            0%         N/A       100%        2
 Confusing Touch          Hex            0%         N/A       100%        3
 Vampiric Draining        Necr           0%         2d6       100%        3


Dungeon Overview and Level Annotations

Branches:
Dungeon (2/15)

Altars:


Innate Abilities, Weirdness & Mutations

You are immune to sickness and miasma.
Your stone body is resilient. (AC +3)
You are immune to poison.
You resist negative energy. (rN+)
You are resistant to electric shocks. (rElec)
You are resistant to unholy torment.
You are immune to petrification.


Message History

You block the gnoll's attack.
A goblin comes into view. It is wielding a +0 club.
The gnoll hits you with a +0 spear.
You barely miss the gnoll.
The gnoll is moderately wounded.
Your +0 spectral club hits the gnoll.
An endoplasm comes into view.
The gnoll completely misses your +0 spectral club.
You hit the gnoll.
The gnoll is lightly wounded.
Your +0 spectral club closely misses the gnoll.
The gnoll hits you from afar with a +0 spear.
The gnoll hits you but does no damage.
You hit the gnoll but do no damage.
The gnoll is lightly wounded.
Your +0 spectral club hits the gnoll.
The gnoll hits you from afar with a +0 spear.
You block the gnoll's attack.
The gnoll hits you from afar with a +0 spear.
The gnoll barely misses you. The gnoll hits you but does no damage.
You hit the gnoll.
The gnoll is almost dead.
Your +0 spectral club barely misses the gnoll.
Your +0 spectral club fades away.
The gnoll hits you but does no damage.
The gnoll hits you from afar with a +0 spear!
The gnoll hits you but does no damage. x2
You hit the gnoll but do no damage.
The gnoll is almost dead.
Your +0 spectral club barely misses the gnoll.
The gnoll hits you from afar with a +0 spear.
The gnoll hits you with a +0 whip.
* * * LOW HITPOINT WARNING * * *
You block the gnoll's attack. The gnoll barely misses you.
The gnoll hits you from afar with a +0 spear.
* * * LOW HITPOINT WARNING * * *
The gnoll hits you but does no damage.
Okay, then.
The gnoll hits you with a +0 whip!
You die...

..........########
##.##............#
#.#####..######.# #.#
#..# #.# #.# #..# #.#
#.# #..# #.#
..#####..# #.#
#........## #.#
.........#####@#
.............g.######
######.#.###........#
######.#.##gg...###.#
.>.....#.#.......##.#
#...J..J.......##.#
#.####.#....[..##.#
#. #........###.# #
#####....# #.#


You could see 2 gnolls, an endoplasm and a goblin.

Vanquished Creatures
  Jessica (D:2)
  A gnoll (D:1)
  A worm (D:2)
  2 dart slugs (D:1)
  4 ball pythons
  4 endoplasms
  3 giant cockroaches
  4 goblins (D:1)
  A hobgoblin (D:1)
  4 kobolds
  2 quokkas (D:1)
  4 bats
  2 frilled lizards (D:1)
  4 rats
37 creatures vanquished.

Notes
Turn   | Place    | Note
-------+----------+-------------------------------------------
     0 | D:1      | zeram the Gargoyle Fighter began the quest for the Orb.
     0 | D:1      | Reached XP level 1. HP: 14/14 MP: 1/1
    77 | D:1      | Reached XP level 2. HP: 19/19 MP: 2/2
   385 | D:1      | Reached XP level 3. HP: 11/23 MP: 3/3
  1259 | D:2      | Noticed Jessica
  1266 | D:2      | Killed Jessica
  1267 | D:2      | Reached skill level 4 in Armour
  1267 | D:2      | Reached XP level 4. HP: 22/29 MP: 4/4
  1446 | D:2      | Slain by a gnoll

Illustrated notes

Levels and vault maps discovered:
D:1:      eino_arrival_cavern_b, layout_basic
D:2:      layout_loops_ring, shapermc_ecumenical_altar_mp_vishouse,
          minmay_misc_feat_cross, uniq_jessica, uniq_robin

Skill      XL: |  1  2  3 |
---------------+----------+-----
Armour         | 4 |  4.1
Fighting       | |  3.7
Maces & Flails | |  2.8
Dodging        | |  0.7
Shields        | |  3.8

Action                   |  1- 3 |  4- 6 || total
-------------------------+-------+-------++-------
Melee: Flail             |    81 |     3 ||    84
       Club              |       |     8 ||     8
Armor: Scale mail        |    42 |     9 ||    51
Dodge: Dodged            |    23 |     3 ||    26
Block: Kite shield       |    41 |     5 ||    46
